 Dungeon Crawl Stone Soup version 0.27-a0-972-gd1521fd518 (webtiles) character file.

Game seed: 15904085921524879133

74 kae the Insei (level 4, -4/28 HPs)
             Began as an Octopode Transmuter on Apr 13, 2021.
             Slain by Robin
             ... wielding a +0 spear
              (5 damage)
             ... on level 3 of the Dungeon.
             The game lasted 00:00:54 (1603 turns).

kae the Insei (Octopode Transmuter)                 Turns: 1603, Time: 00:00:55

Health: -4/28      AC:  1    Str: 10    XL:     4   Next: 30%
Magic:  7/7        EV: 13    Int: 15    God:
Gold:   51         SH:  0    Dex: 12    Spells: 3/7 levels left

rFire    . . .     SeeInvis .     - Unarmed
rCold    . . .     Faith    .   (no shield)
rNeg     . . .     Spirit   .   (helmet restricted)
rPois    .         Reflect  .   (no amulet)
rElec    .         Harm     .   (no ring)
rCorr    .         Rampage  .   (no ring)
Will     .....                  (no ring)
Stlth    ++........             (no ring)
HPRegen  0.09/turn              (no ring)
MPRegen  0.10/turn              (no ring)
                                (no ring)
                                (no ring)

@: no status effects
A: almost no armour, amphibious, 8 rings, camouflage 1, gelatinous body 1,
(nimble swimmer 1), tentacles
a: no special abilities


You were on level 3 of the Dungeon.
You visited 1 branch of the dungeon, and saw 4 of its levels.

You collected 51 gold pieces.

Inventory:

Scrolls
 d - a scroll of enchant weapon {unknown}
 e - a scroll of fog {unknown}
Potions
 a - 3 potions of heal wounds {unknown}
 b - a potion of curing {unknown}
 c - a potion of degeneration {unknown}


   Skills:
 + Level 1.5 Fighting
 + Level 2.3 Dodging
 * Level 3.6 Unarmed Combat
 + Level 2.3 Spellcasting
 * Level 2.8 Transmutations
 * Level 1.4 Poison Magic


You had 3 spell levels left.
You knew the following spells:

 Your Spells              Type           Power      Damage    Failure   Level
a - Beastly Appendage     Tmut           20%        N/A       7%          1
b - Spider Form           Tmut/Pois      4%         N/A       26%         3

Your spell library contained the following spells:

 Spells                   Type           Power      Damage    Failure   Level
 Wereblood                Tmut           10%        N/A       11%         2
 Magic Dart               Conj           4%         1d3       22%         1
 Blink                    Tloc           N/A        N/A       32%         2
 Call Imp                 Summ           1%         N/A       32%         2
 Slow                     Hex            1%         N/A       32%         2
 Mephitic Cloud           Conj/Pois/Air  3%         N/A       47%         3
 Conjure Flame            Conj/Fire      1%         6-21      54%         3
 Ice Form                 Ice/Tmut       5%         N/A       77%         4
 Hydra Form               Tmut           5%         N/A       88%         5


Dungeon Overview and Level Annotations

Branches:
Dungeon (4/15)
 Temple: D:4-7

Altars:
Uskayaw

Shops:
D:4 *

Annotations:
D:3 Robin
D:4 1 transporter


Innate Abilities, Weirdness & Mutations

You cannot wear most types of armour.
You are amphibious.
You can wear up to eight rings at the same time.
Your skin changes colour to match your surroundings (Stealth+).
Your rubbery body absorbs attacks. (AC +1, EV +1)
((You are camouflaged near water. (Stealth+)))
You have tentacles for arms and can constrict up to eight enemies at once.


Message History

Found a stone staircase leading down.
Found a stone staircase leading up.
Found Zaesius's Assorted Antiques.
The orc shouts!
There is a stone staircase leading up here.
You climb upwards.
The goblin shouts!
The hobgoblin shouts!
A bat, a ball python, 9 goblins, a kobold and Robin come into view.
A goblin is wielding a +0 dagger of freezing.
The hobgoblin shouts!
The goblin shouts! x2; The ball python hisses angrily.
The hobgoblin shouts!
The goblin shouts!
Robin shouts!
The goblin shouts!
The kobold shouts!
The goblin shouts! x2
Found a cloak and 13 gold pieces.
Found an escape hatch in the floor.
Found a stone staircase leading up.
There is a stone staircase leading down here.
There are monsters nearby!
Robin roars a battlecry!
The goblins go into a battle-frenzy!
The goblin hits you with a +0 club!
Found a scroll labelled YMETYU JULIC and a leather armour.
You tentacle-slap the kobold.
You kill the kobold!
A giant cockroach comes into view.
The goblin hits you with a +0 club. The ball python bites you.
The ball python barely misses you. The bat closely misses you.
Robin throws the goblin at you!
There is a stone staircase leading up here.
Things that are here:
a +0 club; a kobold corpse The bat hits you but does no damage.
The bat hits you. The goblin hits you with a +0 club.
The goblin hits you with a +0 dagger of freezing.
* * * LOW HITPOINT WARNING * * *
The goblin freezes you.
* * * LOW HITPOINT WARNING * * *
The ball python bites you.
* * * LOW HITPOINT WARNING * * *
The ball python closely misses you.
Robin hits you from afar with a +0 spear.
You die...

.... .# #..#
....####.##....
#...B........##
.#>#...........
.[...........#
........ggg..#
........gg...#
......gSbg...#
.......@g>...#
.?....g.gg....#
.................
#.........[g.....
#....##..........
##### #..........
#..........
#.........$


You could see Robin, a giant cockroach (wandering), 3 hobgoblins, 8 goblins, a
bat and a ball python.

Vanquished Creatures
  A jelly (D:2)
  An adder (D:2)
  2 dart slugs (D:1)
  5 endoplasms
  2 giant cockroaches
  2 goblins (D:1)
  2 hobgoblins
  4 jackals (D:1)
  3 kobolds
  A quokka (D:1)
  4 bats
  2 frilled lizards (D:1)
  2 rats (D:1)
31 creatures vanquished.

Vanquished Creatures (others)
  2 plants (D:1)
  3 withered plants (D:1)
5 creatures vanquished.

Grand Total: 36 creatures vanquished

Notes
Turn   | Place    | Note
-------+----------+-------------------------------------------
     0 | D:1      | kae the Octopode Transmuter began the quest for the Orb.
     0 | D:1      | Reached XP level 1. HP: 13/13 MP: 3/3
   365 | D:1      | Reached XP level 2. HP: 18/18 MP: 3/5
   952 | D:1      | Reached XP level 3. HP: 23/23 MP: 4/6
   956 | D:1      | Learned a level 3 spell: Spider Form
  1109 | D:1      | Found a faded altar of an unknown god.
  1373 | D:2      | Reached skill level 1 in Poison Magic
  1373 | D:2      | Reached XP level 4. HP: 28/28 MP: 5/7
  1572 | D:2      | You fall into a shaft and drop 2 floors!
  1576 | D:4      | Found a hide-covered altar of Uskayaw.
  1577 | D:4      | Noticed a cyclops
  1580 | D:4      | Noticed an orc warrior
  1587 | D:4      | Noticed a kobold brigand
  1588 | D:4      | Found a transporter.
  1594 | D:4      | Found Zaesius's Assorted Antiques.
  1599 | D:3      | Noticed Robin
  1603 | D:3      | HP: 1/28 [ball python (3)]
  1603 | D:3      | Slain by Robin

Illustrated notes

Levels and vault maps discovered:
D:1:      heliophobic_arrival_battle_scene, layout_basic,
          shapermc_ecumenical_altar_flowoftime
D:2:      layout_rooms
D:3:      layout_rooms, uniq_robin
D:4:      minmay_evil_eye, layout_cave_pools, gammafunk_temple_overflow_arena,
          serial_glass, glass_columns_a, glass_columns_b, serial_shops,
          nicolae_shop_overgrown_old_shop

Skill      XL: |  1  2  3 |
---------------+----------+-----
Poison Magic   | 1 |  1.4
Fighting       | |  1.5
Dodging        | |  2.3
Unarmed Combat | |  3.6
Spellcasting   | |  2.3
Transmutations | |  2.8

Action                   |  1- 3 |  4- 6 || total
-------------------------+-------+-------++-------
Melee: Unarmed           |    65 |    13 ||    78
       Constrict         |    19 |     2 ||    21
       Kick              |     9 |     6 ||    15
       Tentacles         |    14 |     3 ||    17
       Punch             |     1 |     1 ||     2
 Cast: Beastly Appendage |    11 |     4 ||    15
 Stab: Sleeping          |     2 |     2 ||     4
Armor: Skin              |     5 |     2 ||     7
Dodge: Dodged            |    24 |     9 ||    33

Table legend: (Time is in decaauts)
 A = Elapsed time spent in this place.
 B = Non-inter-level travel time spent in this place.
 C = Inter-level travel time spent in this place.
 D = Time resting spent in this place.
 E = Time spent auto-exploring this place.
 F = Levels seen in this place.
 G = Mean time per level.
                   A        B        C        D        E       F      G
               +--------+--------+--------+--------+--------+-----+--------+
         Total |   1597 |   1568 |     29 |    127 |   1219 |   4 |  399.2 |
       Dungeon |   1597 |   1568 |     29 |    127 |   1219 |   4 |  399.2 |
               +--------+--------+--------+--------+--------+-----+--------+

Top non-repeatable levels by time:
     D:1: 1301 daAuts
     D:2: 265 daAuts
     D:4: 26 daAuts
     D:3: 3 daAuts
